 Dungeon Crawl Stone Soup version 0.29-a0-321-gf1c400731a (webtiles) character file.

Game seed: 1764854040124811104

11211 YayAnonymity the Cleaver (level 12, -1/78 (92) HPs)
             Began as a Formicid Fighter on Apr 5, 2022.
             Was a Believer of Qazlal.
             Killed from afar by Lodul (36 damage)
             ... with a bolt of lightning
             ... on level 10 of the Dungeon.
             The game lasted 00:17:24 (8925 turns).

YayAnonymity the Cleaver (Formicid Fighter)         Turns: 8925, Time: 00:17:25

HP:   -1/78 (92)    AC: 13    Str: 31    XL:     12   Next: 4%
MP:   12/15         EV:  9    Int:  9    God:    Qazlal [**....]
Gold: 544           SH:  7    Dex: 10    Spells: 11/11 levels left

rFire   . . .      SeeInvis +   d - +4 executioner's axe (elec)
rCold   . . .      Faith    .   c - +0 buckler
rNeg    . . .      Spirit   .   g - +0 chain mail
rPois   .          Reflect  .   (helmet unavailable)
rElec   .          Harm     .   (no cloak)
rCorr   .          Rampage  .   (no gloves)
Will    +....                   i - +0 pair of boots
Stlth   ..........              z - amulet of regeneration
HPRegen 1.03/turn               n - +6 ring of strength
MPRegen 0.14/turn               v - +4 ring of slaying

@: studying Armour, heavily drained
A: permanent stasis, dig shafts and tunnels, antennae 3, four strong arms
a: Dig, Shaft Self, Renounce Religion, Upheaval


You were on level 10 of the Dungeon.
You worshipped Qazlal.
Qazlal was pleased with you.
You visited 2 branches of the dungeon, and saw 11 of its levels.
You also visited: Bailey.

You collected 544 gold pieces.

Inventory:

Hand Weapons
 d - a +4 executioner's axe of electrocution (weapon)
 A - a +0 morningstar of flaming
Missiles
 x - 21 poisoned darts (quivered)
 B - 5 javelins
Armour
 c - a +0 buckler (worn)
 g - a +0 chain mail (worn)
 i - a +0 pair of boots (worn)
Jewellery
 n - a +6 ring of strength (left hand)
 v - a +4 ring of slaying (right hand)
 z - an amulet of regeneration (around neck)
Wands
 f - a wand of acid (4)
 j - a wand of flame (4)
 k - a wand of polymorph (11)
Scrolls
 q - a scroll of enchant weapon
 r - 2 scrolls of fog
 s - 2 scrolls of fear
 w - a scroll of magic mapping
 y - a scroll of acquirement
Potions
 a - 3 potions of mutation
 b - 2 potions of berserk rage
 e - 4 potions of flight
 h - a potion of invisibility
 l - 6 potions of magic
 m - 2 potions of lignification {unknown}
 o - a potion of cancellation {unknown}
 p - 4 potions of heal wounds {unknown}
 u - 4 potions of curing {unknown}
 C - 2 potions of might
 D - 3 potions of brilliance {unknown}


   Skills:
 - Level 8.0 Fighting
 * Level 14.9 Axes
 - Level 12.0 Armour
 - Level 4.0 Shields
 - Level 5.0 Invocations


You had 11 spell levels left.
You didn't know any spells.
Your spell library contained the following spells:

 Spells                   Type           Power      Damage    Failure   Level
 Lesser Beckoning         Tloc           0%         N/A       99%         3
 Manifold Assault         Tloc           0%         N/A       100%        5
 Summon Forest            Summ/Tloc      0%         N/A       100%        5
 Eringya's Noxious Bog    Tmut/Pois      0%         N/A       100%        6
 Summon Hydra             Summ           0%         N/A       100%        7
 Borgnjor's Revivificati  Necr           0%         N/A       100%        8
 Necromutation            Tmut/Necr      0%         N/A       100%        8
 Death's Door             Necr           0%         N/A       100%        9
 Blink                    Tloc           Unusable   N/A       N/A         2

Dungeon Overview and Level Annotations

Branches:
Dungeon (10/15)            Temple (1/1) D:5            Lair (0/6) D:8
 Bailey (visited)
    Orc: D:9-12

Altars:
Ashenzari
Cheibriados
Dithmenos
Elyvilon
Fedhas
Gozag
Hepliaklqana
Kikubaaqudgha
Makhleb
Nemelex Xobeh
Okawaru
Qazlal
Ru
Sif Muna
Trog
Uskayaw
Vehumet
Wu Jian
Xom
Yredelemnul
Zin
The Shining One

Annotations:
D:10 Lodul


Innate Abilities, Weirdness & Mutations

You cannot be hasted, slowed, berserked, paralysed or teleported.
You can dig through walls and to a lower floor.
You have a pair of large antennae on your head. (SInv)
Your four strong arms can wield two-handed weapons with a shield.


Message History

You see here a +0 falchion.
You see here a +2 great mace of protection.
You hear a shout! x3
You sense a monster nearby.
As you read the scroll of identify, it crumbles to dust.
a - 3 potions of mutation You hear two shouts! x2; You hear a shout!
As you read the scroll of identify, it crumbles to dust.
b - 2 potions of berserk rage You hear a shout!
Okay, then.
An ogre comes into view. It is wielding a +0 giant club.
Lodul and 2 ogres come into view.
Lodul shouts!
The ogre shouts! x2
The ogre barely misses you.
You slash the ogre!
The ogre is heavily wounded.
Electricity crackles from Lodul's apparatus.
The bolt of lightning hits you! The ogre barely misses you.
You slice the ogre!!
You kill the ogre!
Qazlal accepts your kill.
Electricity crackles from Lodul's apparatus.
The bolt of lightning hits you!!
An ogre comes into view. It is wielding a +0 giant spiked club.
A two-headed ogre comes into view.
It is wielding a +0 giant spiked club and a +0 giant club.
The ogre hits you with a +0 giant club!
The ogre moves out of view.
You are too injured to fight recklessly!
Aiming: Upheaval
Press: ? - help, Dir - move target, f - ogre
Aim: an ogre, wielding a +0 giant club A storm cloud blasts the area with cutting wind!
The cutting wind hits the ogre!!
The ogre is almost dead.
The cutting wind hits the ogre!
The ogre is heavily wounded.
You hear a shout!
Electricity crackles from Lodul's apparatus.
The bolt of lightning hits you!!!
You die...

O. #. ##. ###
##.O####.###
#.....#....#
#..#O.○...## .. #...
##O.#..# .#
#......#O#..####
.##........#@....#.###
##
..#.....##......)#.#.#
.###....##.
#............## ......#
# #.............# ....#
.# ..............##
###.###.#
##..........)### #
#.##..# #............#
###.##..##
##.........###
#.#......###....###....#


You could see Lodul, a two-headed ogre and 2 ogres.

Vanquished Creatures
  2 two-headed ogres
  3 komodo dragons (D:8)
  A kobold demonologist (D:7)
  A shadow (D:9)
  3 yaks (D:9)
  3 wyverns
  A wraith (D:8)
  2 basilisks (D:8)
  Eustachio (D:4)
  A steam dragon (D:10)
  2 water moccasins (D:8)
  An acid dragon (D:8)
  2 orc warriors
  A sky beast (D:5)
  An ice beast (D:6)
  2 ogres
  3 black bears
  A centaur (D:9)
  2 phantoms
  4 kobold brigands
  Blork the orc (D:6)
  3 bullfrogs
  A gnoll sergeant (D:7)
  2 scorpions
  3 wights (D:9)
  6 killer bees
  An electric eel (D:9)
  5 hounds
  A jelly (D:4)
  3 orc priests
  3 iguanas (D:6)
  5 orc wizards
  21 gnolls
  5 adders
  A shadow imp (D:7)
  A worm (D:3)
  3 dart slugs
  38 orcs
  11 ball pythons
  6 endoplasms
  2 giant cockroaches
  9 goblins
  6 hobgoblins
  5 jackals
  22 kobolds
  4 quokkas
  6 bats
  5 frilled lizards
  4 rats
220 creatures vanquished.

Vanquished Creatures (others)
  Psyche (D:9)
1 creature vanquished.

Grand Total: 221 creatures vanquished

Notes
Turn   | Place    | Note
-------+----------+-------------------------------------------
     0 | D:1      | YayAnonymity the Formicid Fighter began the quest for the
                  | Orb.
     0 | D:1      | Reached XP level 1. HP: 18/18 MP: 1/1
   154 | D:1      | Found a faded altar of an unknown god.
   188 | D:1      | Reached XP level 2. HP: 19/24 MP: 2/2
   694 | D:1      | Reached XP level 3. HP: 29/29 MP: 3/3
  1200 | D:2      | Reached skill level 3 in Axes
  1569 | D:3      | Reached XP level 4. HP: 25/35 MP: 4/4
  1852 | D:3      | Reached skill level 4 in Axes
  2042 | D:3      | Reached XP level 5. HP: 36/41 MP: 5/5
  2531 | D:4      | Noticed Eustachio
  2531 | D:4      | Noticed a kobold brigand
  2604 | D:4      | Killed Eustachio
  2605 | D:4      | Reached skill level 6 in Axes
  2605 | D:4      | Reached XP level 6. HP: 33/47 MP: 6/6
  2865 | D:4      | Reached XP level 7. HP: 35/52 MP: 7/7
  3107 | D:4      | Reached skill level 7 in Axes
  3574 | D:5      | Entered Level 5 of the Dungeon
  3685 | D:5      | Identified a scroll of acquirement
  3685 | D:5      | Acquired a +2 executioner's axe of electrocution
  4119 | D:5      | Reached XP level 8. HP: 60/60 MP: 8/8
  4149 | D:5      | Found a staircase to the Ecumenical Temple.
  4159 | Temple   | Entered the Ecumenical Temple
  4286 | Temple   | Became a worshipper of Qazlal Stormbringer
  4511 | D:5      | Reached skill level 8 in Axes
  4673 | D:5      | Reached skill level 5 in Armour
  4922 | D:6      | You fall into a shaft and drop 2 floors!
  4936 | D:8      | Found a sacrificial altar of Ru.
  4977 | D:8      | Reached skill level 5 in Fighting
  5043 | D:8      | Found a bloodstained altar of Trog.
  5200 | D:7      | Reached * piety under Qazlal
  5201 | D:7      | Reached skill level 9 in Axes
  5201 | D:7      | Reached XP level 9. HP: 44/68 MP: 9/9
  5245 | D:7      | Noticed a kobold demonologist
  5251 | D:7      | Killed a kobold demonologist
  5347 | D:6      | Noticed Blork the orc
  5356 | D:6      | Killed Blork the orc
  5440 | D:6      | Reached skill level 10 in Axes
  5717 | D:7      | Noticed a two-headed ogre
  6079 | D:8      | Noticed a komodo dragon
  6139 | D:8      | Killed a komodo dragon
  6140 | D:8      | Reached skill level 1 in Invocations
  6140 | D:8      | Reached XP level 10. HP: 44/77 MP: 9/11
  6159 | D:8      | Noticed a komodo dragon
  6165 | D:8      | Noticed a komodo dragon
  6173 | D:8      | Killed a komodo dragon
  6177 | D:8      | Killed a komodo dragon
  6178 | D:8      | Reached skill level 11 in Axes
  6233 | D:8      | Found a staircase to the Lair.
  6467 | D:8      | Found a radiant altar of Vehumet.
  6481 | D:8      | Found a snail-covered altar of Cheibriados.
  6507 | D:8      | Reached skill level 13 in Axes
  6507 | D:8      | Reached XP level 11. HP: 84/84 MP: 13/13
  6802 | D:9      | Reached skill level 14 in Axes
  6815 | D:9      | Noticed a two-headed ogre
  6823 | D:9      | Killed a two-headed ogre
  6990 | D:9      | Reached ** piety under Qazlal
  7196 | D:9      | Found an opulent altar of Gozag.
  7197 | D:9      | Found a sparkling altar of Nemelex Xobeh.
  7406 | D:9      | Noticed Psyche
  7412 | D:9      | Killed Psyche
  7688 | D:7      | Reached skill level 5 in Invocations
  7731 | D:7      | Found a shadowy altar of Dithmenos.
  8028 | D:7      | Killed a two-headed ogre
  8102 | D:7      | Found a shadowy altar of Dithmenos.
  8466 | D:10     | Entered Level 10 of the Dungeon
  8500 | D:10     | Found a flagged portal.
  8511 | D:10     | Reached XP level 12. HP: 80/92 MP: 15/15
  8538 | Bailey   | Entered a bailey
  8918 | D:10     | Noticed Lodul
  8920 | D:10     | Noticed a two-headed ogre
  8925 | D:10     | Killed from afar by Lodul

Illustrated notes

Levels and vault maps discovered:
D:1:      dpeg_arrival_solitude, layout_loops_ring, basic_ecumenical_altar
D:2:      layout_basic
D:3:      layout_basic, ebering_dispersal_statue_hall
D:4:      layout_loops_ring, grunt_decor_clamped, st_stairs_6, uniq_eustachio
D:5:      layout_basic, minmay_temple_entry_stoned_glass
D:6:      layout_rooms, uniq_blork_the_orc
D:7:      nicolae_cairo_tiling_large, layout_loops_ring, grunt_dithmenos_smoke,
          minmay_misc_feat_iff, serial_bayou_pond_c, minmay_manual_mess
D:8:      layout_loops_ring, hangedman_ru_absence,
          mainiacjoe_overflow_big_doors, mainiacjoe_overflow_six_doors_small,
          erik_lair_dragon, columned_hall_lemuel
D:9:      layout_cross, grunt_temple_overflow_opulence, nrook_pool_corridor,
          uniq_psyche
D:10:     layout_cave_pools, enter_bailey_5, uniq_lodul
Temple:   regret_index_temple_generic_petals

Skill      XL: |  1  2  3  4  5  6  7  8  9 10 11 |
---------------+----------------------------------+-----
Shields        | 4 |  4.0
Armour         | 4 5 8 12 | 12.0
Axes           | 3 4 6 7 9 10 13 14 | 14.9
Fighting       | 5 6 7 8 |  8.0
Invocations    | 1 3 5 |  5.0

Action                   |  1- 3 |  4- 6 |  7- 9 | 10-12 || total
-------------------------+-------+-------+-------+-------++-------
Melee: War axe           |   105 |    78 |    41 |       ||   224
       Executioner's axe |       |       |   137 |   126 ||   263
Throw: Dart              |       |       |     3 |     6 ||     9
Invok: Upheaval          |       |       |       |     1 ||     1
 Abil: Dig               |       |       |     1 |       ||     1
Evoke: Wand              |       |       |       |     3 ||     3
  Use: Potion            |       |     1 |       |     1 ||     2
       Scroll            |       |       |    17 |     8 ||    25
Armor: Scale mail        |    71 |    34 |    36 |       ||   141
       Chain mail        |       |       |    50 |    68 ||   118
Dodge: Dodged            |    53 |    38 |    87 |    61 ||   239
Block: Buckler           |    26 |    20 |    47 |    63 ||   156

Table legend: (Time is in decaauts)
 A = Elapsed time spent in this place.
 B = Non-inter-level travel time spent in this place.
 C = Inter-level travel time spent in this place.
 D = Time resting spent in this place.
 E = Time spent auto-exploring this place.
 F = Levels seen in this place.
 G = Mean time per level.
                   A        B        C        D        E       F      G
               +--------+--------+--------+--------+--------+-----+--------+
         Total |   9120 |   8683 |    437 |    495 |   5933 |  12 |  760.0 |
       Dungeon |   8478 |   8068 |    410 |    457 |   5502 |  10 |  847.8 |
        Temple |    291 |    264 |     27 |      0 |    252 |   1 |  291.0 |
        Bailey |    350 |    350 |      0 |     38 |    179 |   1 |  350.0 |
               +--------+--------+--------+--------+--------+-----+--------+

Top non-repeatable levels by time:
     D:7: 1415 daAuts
     D:4: 1152 daAuts
     D:8: 1031 daAuts
     D:3: 981 daAuts
     D:5: 865 daAuts
     D:9: 849 daAuts
     D:1: 828 daAuts
     D:2: 758 daAuts
     D:6: 478 daAuts
  Bailey: 350 daAuts
  Temple: 291 daAuts
    D:10: 118 daAuts
